 Dungeon Crawl Stone Soup version 0.18-a0-888-gdb73dea (webtiles) character file.

42 dvd the Firebug (level 3, -1/26 HPs)
             Began as a Hill Orc Fire Elementalist on Dec 23, 2015.
             Slain by Ijyb
             ... wielding a +0 dagger
              (3 damage)
             ... on level 2 of the Dungeon.
             The game lasted 00:05:25 (1729 turns).

dvd the Firebug (Hill Orc Fire Elementalist)        Turns: 1729, Time: 00:05:26

Health: -1/26      AC:  2    Str: 11    XL:     3   Next: 54%
Magic:  0/5        EV: 12    Int: 15    God:
Gold:   21         SH:  0    Dex: 11    Spells: 2 memorised, 2 levels left

rFire  . . .     SeeInvis .     a - +0 hand axe
rCold  . . .     Gourm    .     m - +0 robe
rNeg   . . .     Faith    .     (no shield)
rPois  .         Spirit   .     (no helmet)
rElec  .         Dismiss  .     (no cloak)
rCorr  .         Reflect  .     (no gloves)
SustAt .         Harm     .     (no boots)
MR     .....                    (no amulet)
Stlth  ++........               (no ring)
                                (no ring)

@: very slightly contaminated, not resistant to hostile enchantments, unstealthy
A: no striking features
a: no special abilities


You were on level 2 of the Dungeon.
You were not hungry.

You visited 1 branch of the dungeon, and saw 2 of its levels.

You collected 21 gold pieces.

Inventory:

Hand Weapons
 a - a +0 hand axe (weapon)
Missiles
 g - 13 bolts of flame
 k - 29 sling bullets
Armour
 l - a +0 leather armour
 m - a +0 robe (worn)
Scrolls
 c - a scroll of immolation {unknown}
 d - a scroll of remove curse {unknown}
 e - 3 scrolls of identify {unknown}
 f - a scroll of blinking {unknown}
 j - a scroll of enchant weapon {unknown}
 p - a scroll of magic mapping {unknown}
 s - a scroll of recharging {unknown}
 u - a scroll of amnesia {unknown}
Potions
 h - a potion of resistance {unknown}
 i - 2 potions of heal wounds {unknown}
 n - a potion of brilliance {unknown}
 q - a potion of flight {unknown}
Books
 b - a book of Flames

   Spells                             Type                      Level
   a - Flame Tongue                   Conjuration/Fire             1
   b - Throw Flame                    Conjuration/Fire             2
   c - Conjure Flame                  Conjuration/Fire             3
   d - Inner Flame                    Hexes/Fire                   3
   e - Sticky Flame                   Conjuration/Fire             4
   f - Fireball                       Conjuration/Fire             5
Comestibles
 o - a royal jelly
 r - 5 chunks of flesh


   Skills:
 + Level 1.6 Dodging
 + Level 1.8 Stealth
 + Level 1.9 Spellcasting
 + Level 1.2 Conjurations
 + Level 4.3 Fire Magic


You had 2 spell levels left.
You knew the following spells:

 Your Spells              Type           Power        Failure   Level  Hunger
a - Flame Tongue          Conj/Fire      #....        10%         1    ##.....
b - Throw Flame           Conj/Fire      #.....       12%         2    ###....


Dungeon Overview and Level Annotations

Branches:
Dungeon (2/15)

Altars:

Annotations:
D:2 Ijyb


Message History

* * * LOW HITPOINT WARNING * * *
You closely miss Ijyb.
Ijyb is severely wounded.
Ijyb misses you.
You closely miss Ijyb.
Ijyb is severely wounded.
Ijyb hits you with a dagger.
* * * LOW HITPOINT WARNING * * *
Ijyb hits you with a dagger.
* * * LOW HITPOINT WARNING * * *
Casting: Flame Tongue
Confirm with . or Enter, or press ? or * to list all spells.
Aiming: Flame Tongue
Press: ? - help, Shift-Dir - straight line, f - adder, p - Ijyb
Aim: an adder (severely wounded)
You miscast Flame Tongue.
You are very lightly contaminated with residual magic.
You feel uncomfortably hot. The adder barely misses you.
Ijyb hits you with a dagger.
You die...

.#.. .#..
#############################....
..... ................ ..#.......
.#######............####.........
.................................
.#######........@S.....##........
........รท........g.....###.......
.........#######.......# #.###.##
.........# #..[....# #.# #
.......... #.......# #..
.......... #.......# #.##
........... #.......# #..
#######.... ######### #.. ######
#..


You could see Ijyb and an adder.

Vanquished Creatures
  An ooze (D:1)
  A worm (D:2)
  A giant gecko (D:1)
  A giant cockroach (D:1)
  5 goblins
  6 hobgoblins (D:1)
  4 bats (D:1)
  2 giant newts (D:1)
  6 kobolds (D:1)
  6 rats
33 creatures vanquished.

Notes
Turn   | Place    | Note
--------------------------------------------------------------
     0 | D:1      | dvd the Hill Orc Fire Elementalist began the quest for the Orb.
     0 | D:1      | Reached XP level 1. HP: 14/14 MP: 3/3
   109 | D:1      | Reached XP level 2. HP: 20/20 MP: 0/4
   113 | D:1      | Learned a level 2 spell: Throw Flame
   328 | D:1      | Reached skill level 4 in Fire Magic
   675 | D:1      | Reached XP level 3. HP: 16/26 MP: 2/5
  1664 | D:2      | Noticed Ijyb
  1717 | D:2      | HP: 1/26 [Ijyb/dagger (2)]
  1729 | D:2      | Slain by Ijyb

Vault maps used:
D:1:      minmay_arrival_hallway
D:2:      zin_academy, uniq_iyjb

Action                   || total
-------------------------++-------
Melee: Unarmed           ||     6
       Hand axe          ||    64
 Cast: Flame Tongue      ||    49
       Throw Flame       ||    11
  Use: Potion            ||     1
 Stab: Sleeping          ||     3
  Eat: Bread ration      ||     1
